 Dungeon Crawl Stone Soup version 0.19-a0-1239-gbb8a913 (webtiles) character file.

537 Gospel the Magician (level 7, -1/48 HPs)
             Began as a Demonspawn Wizard on Aug 26, 2016.
             Killed from afar by espais's ghost (14 damage)
             ... with a puff of flame
             ... on level 5 of the Dungeon on Aug 27, 2016.
             The game lasted 00:15:40 (4646 turns).

Gospel the Magician (Demonspawn Wizard)             Turns: 4646, Time: 00:15:40

Health: -1/48      AC:  5    Str:  7    XL:     7   Next: 5%
Magic:  21/23      EV: 12    Int: 21    God:
Gold:   181        SH:  0    Dex: 12    Spells: 4 memorised, 6 levels left

rFire  . . .     SeeInvis .     f - +0 short sword
rCold  + . .     Gourm    .     a - +0 robe
rNeg   . . .     Faith    +     (no shield)
rPois  .         Spirit   .     b - +0 hat
rElec  .         Dismiss  .     (no cloak)
rCorr  .         Reflect  .     u - +0 pair of gloves
MR     .....     Harm     .     (no boots)
Stlth  ++........               g - amulet of faith
                                o - ring of protection from cold
                                v - ring of magical power

@: no status effects
A: claws 1, slimy green scales 1, demonic guardian 1
a: no special abilities


You were on level 5 of the Dungeon.
You were hungry.

You visited 1 branch of the dungeon, and saw 5 of its levels.

You collected 181 gold pieces.

Inventory:

Hand Weapons
 f - a +0 short sword (weapon)
Armour
 a - a +0 robe (worn)
 b - a +0 hat (worn)
 u - a +0 pair of gloves (worn)
Jewellery
 g - an amulet of faith (around neck)
 h - an uncursed ring of poison resistance
 o - a ring of protection from cold (right hand)
 v - a ring of magical power (left hand)
Wands
 q - a wand of paralysis (8/24)
 s - a wand of paralysis (5/24)
 x - a wand of random effects (33/48)
Scrolls
 e - a scroll of identify
 m - 3 scrolls of magic mapping
 y - a scroll of amnesia {unknown}
 A - a scroll of teleportation
Potions
 i - 4 potions of curing
 k - a potion of ambrosia
 l - a potion of flight {unknown}
 n - a potion of degeneration {unknown}
 r - a potion of agility {unknown}
 w - a potion of haste {unknown}
Books
 c - a book of Minor Magic

   Spells                             Type                      Level
   a - Magic Dart                     Conjuration                  1
   b - Blink                          Translocation                2
   c - Call Imp                       Summoning                    2
   d - Repel Missiles                 Charms/Air                   2
   e - Slow                           Hexes                        2
   f - Conjure Flame                  Conjuration/Fire             3
   g - Mephitic Cloud                 Conjuration/Poison/Air       3
 p - a book of Alchemy

   Spells                             Type                      Level
   a - Sublimation of Blood           Necromancy                   2
   b - Ignite Poison                  Fire/Transmutation/Poison    3
   c - Petrify                        Transmutation/Earth          4
   d - Alistair's Intoxication        Transmutation/Poison         5
   e - Irradiate                      Conjuration/Transmutation    5
Comestibles
 d - 5 bread rations
 j - a meat ration
 t - 2 slices of pizza
 z - a beef jerky


   Skills:
 + Level 1.1 Fighting
 - Level 1.7 Dodging
 - Level 1.7 Stealth
 + Level 4.8 Spellcasting
 + Level 4.1 Conjurations
   Level 1.0 Summonings
   Level 0.8 Translocations
 + Level 2.5 Fire Magic
 + Level 2.4 Air Magic


You had 6 spell levels left.
You knew the following spells:

 Your Spells              Type           Power        Failure   Level  Hunger
a - Magic Dart            Conj           ###.         1%          1    None
b - Repel Missiles        Chrm/Air       ##....       12%         2    None
c - Conjure Flame         Conj/Fire      ###.....     10%         3    ##.....
d - Mephitic Cloud        Conj/Pois/Air  ##......     17%         3    ##.....


Dungeon Overview and Level Annotations

Branches:
Dungeon (5/15)
 Temple: D:4-7

Altars:
Elyvilon
Kikubaaqudgha

Annotations:
D:2 Sigmund
D:5 espais's ghost, amateur GrFE


Innate Abilities, Weirdness & Mutations

You have sharp fingernails.
You are partially covered in slimy green scales. (AC +2)
A weak demonic guardian rushes to your aid.


Message History

Your white imp barely misses espais's ghost.
You closely miss espais's ghost.
Espais's ghost is moderately damaged.
Espais's ghost casts a spell at you. The flame tongue misses you.
Your white imp gestures at espais's ghost.
The puff of frost hits espais's ghost.
Espais's ghost hits you.
You hit espais's ghost.
Espais's ghost is severely damaged.
Your white imp hits espais's ghost.
Your white imp freezes espais's ghost.
Espais's ghost hits you.
* * * LOW HITPOINT WARNING * * *
You closely miss espais's ghost.
Espais's ghost is almost destroyed.
Your white imp disappears in a puff of smoke!
Espais's ghost hits you.
* * * LOW HITPOINT WARNING * * *
Espais's ghost gestures at you while chanting.
The puff of flame hits you!
You die...

....... ......
..... ....####
.......# ########
5......# #......#
.......# #......#
.......####......#
...........†...W@#
.................#
.......#.........#
.#####<##....#####
.### #.####..#
...###..........
....##..........#
..................
..................


You could see espais's ghost.

Vanquished Creatures
  A centaur (D:5)
  A giant frog (D:3)
  A water moccasin skeleton (D:5)
  An orc wizard (D:3)
  A centaur skeleton (D:4)
  A hound (D:4)
  A giant frog skeleton (D:4)
  An iguana (D:4)
  A hound skeleton (D:4)
  8 adders
  4 worms
  A dart slug (D:1)
  6 orcs (D:3)
  6 giant cockroaches
  12 goblins
  10 hobgoblins
  3 quokkas
  2 ball pythons
  5 bats
  4 giant newts (D:1)
  7 kobolds
  A quokka skeleton (D:4)
  6 rats
84 creatures vanquished.

Vanquished Creatures (collateral kills)
  A giant frog (D:3)
1 creature vanquished.

Vanquished Creatures (others)
  A quokka (D:5)
1 creature vanquished.

Grand Total: 86 creatures vanquished

Notes
Turn   | Place    | Note
-------+----------+-------------------------------------------
     0 | D:1      | Gospel the Demonspawn Wizard began the quest for the Orb.
     0 | D:1      | Reached XP level 1. HP: 13/13 MP: 4/4
   405 | D:1      | Gained mutation: A weak demonic guardian rushes to your aid. [demonic ancestry]
   405 | D:1      | Reached XP level 2. HP: 19/19 MP: 0/6
  1400 | D:1      | Learned a level 2 spell: Repel Missiles
  1494 | D:2      | Reached XP level 3. HP: 24/24 MP: 1/8
  1816 | D:2      | Noticed Sigmund
  2100 | D:2      | Reached XP level 4. HP: 5/30 MP: 2/9
  2508 | D:3      | Learned a level 3 spell: Conjure Flame
  2512 | D:3      | Learned a level 3 spell: Mephitic Cloud
  2524 | D:3      | Noticed a giant frog
  2668 | D:3      | Found an ancient bone altar of Kikubaaqudgha.
  2722 | D:3      | Reached skill level 1 in Fire Magic
  2920 | D:3      | Noticed a giant frog
  2923 | D:3      | Killed a giant frog
  2923 | D:3      | Reached skill level 1 in Air Magic
  2923 | D:3      | Gained mutation: You are partially covered in slimy green scales. (AC +2) [demonic ancestry]
  2923 | D:3      | Reached XP level 5. HP: 35/35 MP: 7/11
  3383 | D:3      | Reached XP level 6. HP: 39/41 MP: 5/12
  4305 | D:5      | Entered Level 5 of the Dungeon
  4374 | D:5      | Found a white marble altar of Elyvilon.
  4403 | D:5      | Noticed espais's ghost (amateur GrFE)
  4404 | D:5      | Reached skill level 1 in Fighting
  4404 | D:5      | Gained mutation: You have sharp fingernails. [demonic ancestry]
  4404 | D:5      | Reached XP level 7. HP: 31/48 MP: 4/14
  4550 | D:4      | Upgraded the game from 0.19-a0-1225-gf887c1c to 0.19-a0-1239-gbb8a913
  4646 | D:5      | Killed from afar by espais's ghost

Vault maps used:
D:1:      evilmike_arrival_fibonacci_small
D:2:      kennysheep_goblin_castle, trog_book, uniq_sigmund
D:3:      kiku_gazebo_pond_becter, serial_corexii_hall, corexii_hall_statues_i,
          corexii_hall_statues_l
D:4:      kennysheep_the_goblin_king
D:5:      elyvilon_altar_4, first_bread, trog_butcher_becter

Skill      XL: |  1  2  3  4  5  6 |
---------------+-------------------+-----
Conjurations   | 2 3 4 |  4.1
Spellcasting   | 4 |  4.8
Fire Magic     | 1 2 |  2.5
Air Magic      | 1 2 |  2.4
Fighting       | 1 |  1.1
Dodging        | |  1.7
Stealth        | |  1.7
Summonings     | |  1.0
Translocations | |  0.8

Action                   |  1- 3 |  4- 6 |  7- 9 || total
-------------------------+-------+-------+-------++-------
Melee: Unarmed           |    23 |       |       ||    23
       Short sword       |    29 |    42 |     5 ||    76
 Cast: Magic Dart        |    75 |   145 |     7 ||   227
       Conjure Flame     |       |     4 |       ||     4
       Mephitic Cloud    |       |     3 |       ||     3
Evoke: Wand              |       |     1 |       ||     1
  Use: Scroll            |     6 |     7 |       ||    13
       Potion            |     1 |       |       ||     1
 Stab: Distracted        |       |     1 |       ||     1
       Sleeping          |       |     1 |       ||     1
       Paralysed         |       |     5 |       ||     5
  Eat: Chunk             |     3 |     4 |       ||     7
       Meat ration       |       |     1 |       ||     1
Armor: Robe              |    21 |    12 |       ||    33
Dodge: Dodged            |    53 |    44 |     2 ||    99
